 Dungeon Crawl Stone Soup version 0.31-a0-983-g7b6862f502 (webtiles) character file.

Game seed: 1784566414234047067

370 strifetoe the Magician (level 7, -5/50 HPs)
             Began as a Djinni Conjurer on Nov 2, 2023.
             Slain by Crazy Yiuf
             ... wielding a +4 quarterstaff of chaos
              (11 damage)
             ... on level 3 of the Dungeon.
             The game lasted 00:04:11 (2015 turns).

strifetoe the Magician (Djinni Conjurer)            Turns: 2015, Time: 00:04:11

Health: -5/50      AC:  3    Str:  6    XL:     7   Next: 2%
Gold:   110        EV: 11    Int: 21    God:
                   SH:  0    Dex: 12

rFire   + + .        b - +0 dagger
rCold   x . .        (no shield)
rNeg    . . .        n - +0 leather armour
rPois   ∞            (no helmet)
rElec   .            (no cloak)
rCorr   .            (no gloves)
SInv    .            (boots unavailable)
Will    .....        (no amulet)
Stlth   +            (no ring)
HPRegen 0.28/turn    (no ring)
MPRegen 0.00/turn

%: infuse magic (-6 HP)
@: flying
A: sickness immunity, fire resistance 2, cold vulnerability 1, float, innate
caster, HP casting, extra vitality 1
a: no special abilities


You were on level 3 of the Dungeon.
You visited 1 branch of the dungeon, and saw 3 of its levels.

You collected 110 gold pieces.

Inventory:

Hand Weapons
 b - a +0 dagger (weapon)
Missiles
 m - a throwing net
Armour
 a - a +0 robe
 n - a +0 leather armour (worn)
Wands
 o - a wand of digging (7)
Scrolls
 f - a scroll of blinking {unknown}
 j - 2 scrolls of identify {unknown}
 k - a scroll of butterflies {unknown}
 p - a scroll of revelation {unknown}
 q - 2 scrolls of amnesia {unknown}
Potions
 e - a potion of invisibility {unknown}
 g - a potion of resistance
 h - a potion of haste {unknown}
 i - a potion of brilliance {unknown}
 l - a potion of experience {unknown}


   Skills:
 + Level 3.5 Fighting
 - Level 2.1 Dodging
 - Level 1.5 Stealth
 * Level 5.3 Spellcasting
 * Level 5.3 Conjurations
 * Level 5.3 Hexes
   Level 0.0 Charms
 * Level 5.3 Summonings
 * Level 5.3 Necromancy
 * Level 5.3 Translocations
 * Level 5.3 Transmutations
 * Level 5.3 Fire Magic
 * Level 5.3 Ice Magic
 * Level 5.3 Air Magic
 * Level 5.3 Earth Magic
 * Level 5.3 Poison Magic


You knew the following spells:

 Your Spells              Type           Power      Damage    Failure   Level
a - Magic Dart            Conj           100%       1d8       1%          1
b - Searing Ray           Conj           54%        2d6       2%          2
c - Dazzling Flash        Conj/Hex       54%        N/A       5%          3
d - Fulminant Prism       Conj/Hex       13%        3d8       19%         4
e - Iskenderun's Mystic   Conj/Tloc      27%        2d7       19%         4
f - Sandblast             Erth           54%        2d13      1%          1
g - Poisonous Vapours     Pois/Air       54%        N/A       2%          2
h - Ensorcelled Hibernat  Hex/Ice        54%        N/A       2%          2
Your spell library was empty.

Dungeon Overview and Level Annotations

Branches:
Dungeon (3/15)

Altars:

Annotations:
D:3 Crazy Yiuf


Innate Abilities, Weirdness & Mutations

You are immune to sickness and miasma.
You are immune to poison.
Your flesh is very heat resistant. (rF++)
You are vulnerable to cold. (rC-)
You float through the air rather than walking.
You learn spells naturally, not from books.
Your magical power is your life essence.
You have superior vitality. (+4 MHP)


Message History

Aim: an adder (severely wounded, 100% to hit)
The magic dart hits the adder!
You kill the adder!
You have reached level 7!
The power to cast Ensorcelled Hibernation wells up from within.
Spell assigned to 'h'.
You now have 94 gold pieces (gained 10).
Key pressed, stopping explore.
You now have 110 gold pieces (gained 16).
You see here a +0 club.
There is a stone staircase leading up here.
Key pressed, stopping explore.
Could not explore, unopened runed door.
Could not explore, unopened runed door.
Casting: Magic Dart (safe; 1% risk of failure)
Confirm with . or Enter, or press ? or * to list all spells.
Okay, then.
Casting: Magic Dart (safe; 1% risk of failure)
Confirm with . or Enter, or press ? or * to list all spells.
Okay, then.
You reach down and open the door.
Casting: Magic Dart (safe; 1% risk of failure)
Confirm with . or Enter, or press ? or * to list all spells.
Aiming: Ensorcelled Hibernation (safe; 2% risk of failure)
Press: ? - help, Shift-Dir - straight line, f - Crazy Yiuf
Aim: Crazy Yiuf, wielding a +4 quarterstaff of chaos and wearing a +0 cloak (chance to affect: 67%) Crazy Yiuf looks drowsy...
The helpless Crazy Yiuf fails to defend himself.
You hit Crazy Yiuf.
Crazy Yiuf is lightly wounded.
Crazy Yiuf hits you with a +4 quarterstaff of chaos!
You hit Crazy Yiuf.
Crazy Yiuf is lightly wounded.
Crazy Yiuf hits you with a +4 quarterstaff of chaos!
You are electrocuted!
* * * LOW HITPOINT WARNING * * *
You hit Crazy Yiuf but do no damage.
Crazy Yiuf is lightly wounded.
Crazy Yiuf hits you with a +4 quarterstaff of chaos!
You die...

......#########....#
#.###.#### #....#
.........# #....#
.)###.##.# ##...#
.## #)##.# ##.## .#
#.##.# ##.# .#
#.##.# #.##
.####.##.### ##.#
...##......# #@##
...........# #g#
.#.##......# ...
.#.###.....# #...#
.#.###.....# #)..#
...........# #####
.........###
#######.## #### #.#
#..#


You could see Crazy Yiuf.

Vanquished Creatures
  Sigmund (D:3)
  An iguana (D:2)
  Jessica (D:3)
  2 orc wizards (D:3)
  6 adders
  A dart slug (D:3)
  4 orcs (D:3)
  7 ball pythons
  2 endoplasms (D:2)
  2 giant cockroaches (D:2)
  6 goblins
  A hobgoblin (D:1)
  2 quokkas
  7 bats
  2 frilled lizards
  3 kobolds
  5 rats
53 creatures vanquished.

Notes
Turn   | Place    | Note
-------+----------+-------------------------------------------
     0 | D:1      | strifetoe the Djinni Conjurer began the quest for the Orb.
     0 | D:1      | strifetoe set off with the following spells memorised:
                  | Magic Dart, Searing Ray, Dazzling Flash, Fulminant Prism,
                  | Iskenderun's Mystic Blast.
     0 | D:1      | Reached XP level 1. HP: 15/15 MP: 0/0
   148 | D:1      | Reached XP level 2. HP: 21/22 MP: 0/0
   176 | D:1      | Found a faded altar of an unknown god.
   565 | D:2      | Reached skill level 1 in Fighting
   686 | D:2      | Reached XP level 3. HP: 15/27 MP: 0/0
   686 | D:2      | Learned a level 1 spell: Sandblast
   788 | D:2      | Reached XP level 4. HP: 27/33 MP: 0/0
  1124 | D:3      | Found a runed translucent door.
  1125 | D:3      | Noticed Crazy Yiuf
  1196 | D:3      | Noticed Jessica
  1199 | D:3      | Killed Jessica
  1200 | D:3      | Reached XP level 5. HP: 26/38 MP: 0/0
  1200 | D:3      | Learned a level 2 spell: Poisonous Vapours
  1572 | D:3      | Reached XP level 6. HP: 19/45 MP: 0/0
  1694 | D:3      | Noticed Sigmund
  1700 | D:3      | Killed Sigmund
  1701 | D:3      | Reached skill level 5 in Spellcasting
  1701 | D:3      | Reached skill level 5 in Conjurations
  1701 | D:3      | Reached skill level 5 in Hexes
  1701 | D:3      | Reached skill level 5 in Summonings
  1701 | D:3      | Reached skill level 5 in Necromancy
  1701 | D:3      | Reached skill level 5 in Translocations
  1701 | D:3      | Reached skill level 5 in Transmutations
  1701 | D:3      | Reached skill level 5 in Fire Magic
  1701 | D:3      | Reached skill level 5 in Ice Magic
  1701 | D:3      | Reached skill level 5 in Air Magic
  1701 | D:3      | Reached skill level 5 in Earth Magic
  1701 | D:3      | Reached skill level 5 in Poison Magic
  1771 | D:3      | Reached XP level 7. HP: 47/50 MP: 0/0
  1771 | D:3      | Learned a level 2 spell: Ensorcelled Hibernation
  2015 | D:3      | Slain by Crazy Yiuf

Illustrated notes

Levels and vault maps discovered:
D:1:      minmay_arrival_radiant_lines, layout_basic,
          ebering_ecumenical_altar_abandoned
D:2:      layout_rooms
D:3:      layout_loops_ring, uniq_sigmund, uniq_jessica, uniq_crazy_yiuf_cottage

Skill      XL: |  1  2  3  4  5  6 |
---------------+-------------------+-----
Fighting       | 1 2 3 |  3.5
Spellcasting   | 4 5 |  5.3
Conjurations   | 4 5 |  5.3
Hexes          | 4 5 |  5.3
Summonings     | 4 5 |  5.3
Necromancy     | 4 5 |  5.3
Translocations | 4 5 |  5.3
Transmutations | 4 5 |  5.3
Fire Magic     | 4 5 |  5.3
Ice Magic      | 4 5 |  5.3
Air Magic      | 4 5 |  5.3
Earth Magic    | 4 5 |  5.3
Poison Magic   | 4 5 |  5.3
Dodging        | |  2.1
Stealth        | |  1.5

Action                     |  1- 3 |  4- 6 |  7- 9 || total
---------------------------+-------+-------+-------++-------
  Melee: Dagger            |       |    22 |     3 ||    25
   Cast: Magic Dart        |    39 |    78 |       ||   117
         Poisonous Vapours |       |     9 |       ||     9
         Ensorcelled Hiber |       |       |     1 ||     1
    Use: Potion            |       |     4 |       ||     4
   Stab: Sleeping          |       |       |     1 ||     1
 Armour: Robe              |     4 |       |       ||     4
         Leather armour    |       |    33 |     3 ||    36
  Dodge: Dodged            |     9 |    19 |       ||    28

Table legend: (Time is in decaauts)
 A = Elapsed time spent in this place.
 B = Non-inter-level travel time spent in this place.
 C = Inter-level travel time spent in this place.
 D = Time resting spent in this place.
 E = Time spent auto-exploring this place.
 F = Levels seen in this place.
 G = Mean time per level.
                   A        B        C        D        E       F      G
               +--------+--------+--------+--------+--------+-----+--------+
         Total |   2013 |   1997 |     16 |    106 |   1589 |   3 |  671.0 |
       Dungeon |   2013 |   1997 |     16 |    106 |   1589 |   3 |  671.0 |
               +--------+--------+--------+--------+--------+-----+--------+

Top non-repeatable levels by time:
     D:3: 912 daAuts
     D:1: 557 daAuts
     D:2: 543 daAuts
